 Dungeon Crawl Stone Soup version 0.30.1-4-g462c640d31 (webtiles) character file.

Game seed: 12462029925783128720

7495 CastCrusader the Reanimator (level 10, 0/70 HPs)
             Began as a Demonspawn Necromancer on Sept 16, 2023.
             Was a Believer of Sif Muna.
             Slain by a spriggan
             ... wielding a +0 spear
              (10 damage)
             ... on level 10 of the Dungeon on Sept 17, 2023.
             The game lasted 02:56:30 (9595 turns).

CastCrusader the Reanimator (DsNe)                  Turns: 9595, Time: 02:56:31

Health: 0/70       AC: 16    Str: 10    XL:     10   Next: 95%
Magic:  20/22      EV: 12    Int: 24    God:    Sif Muna [**....]
Gold:   431        SH:  0    Dex: 15    Spells: 10/26 levels left

rFire   . . .        q - +4 war axe (freeze)
rCold   . . .        (no shield)
rNeg    . . .        u - +2 leather armour {Will+}
rPois   .            w - +0 helmet
rElec   .            s - +2 cloak
rCorr   +            r - +2 pair of gloves
SInv    .            (no boots)
Will    +....        (no amulet)
Stlth   ++           W - ring of wizardry
HPRegen 0.31/turn    J - +6 ring of intelligence
MPRegen 0.18/turn

%: wizardry (x1)
@: no status effects
A: yellow scales 3, ignite blood 1, spiny 1, demonic touch 2
a: Renounce Religion, Channel Magic


You were on level 10 of the Dungeon.
You worshipped Sif Muna.
Sif Muna was pleased with you.
You visited 1 branch of the dungeon, and saw 10 of its levels.
You also visited: Ossuary.

You collected 455 gold pieces.
You spent 24 gold pieces at shops.

Inventory:

Hand Weapons
 a - a +4 scimitar of electrocution
 g - a +0 rapier
 i - a +3 halberd
 q - a +4 war axe of freezing (weapon)
 y - a +2 whip of draining
 C - a +0 arbalest
 N - a +0 hammer of draining
Missiles
 p - 81 stones
 x - 3 atropa-tipped darts
 K - 7 poisoned darts (quivered)
Armour
 r - a +2 pair of gloves (worn)
 s - a +2 cloak (worn)
 u - a +2 leather armour of willpower (worn)
 w - a +0 helmet (worn)
 P - a +1 cloak
Magical Staves
 c - a staff of death
 D - a staff of poison
Jewellery
 m - an amulet of the acrobat
 J - a +6 ring of intelligence (right hand)
 W - a ring of wizardry (left hand)
 X - a ring of willpower
Wands
 h - a wand of iceblast (7)
 I - a wand of charming (14)
 V - a wand of acid (11)
Scrolls
 e - 3 scrolls of teleportation
 n - a scroll of amnesia {unknown}
 o - 5 scrolls of vulnerability
 v - a scroll of magic mapping
 B - 2 scrolls of fear {unknown}
 Q - a scroll of enchant weapon {unknown}
 S - a scroll of blinking
 T - 2 scrolls of immolation {unknown}
Potions
 b - a potion of magic
 d - 4 potions of might {unknown}
 f - 4 potions of attraction
 j - a potion of brilliance
 k - 3 potions of curing
 l - a potion of cancellation {unknown}
 z - 2 potions of resistance {unknown}
 A - 3 potions of ambrosia {unknown}
 F - 2 potions of invisibility {unknown}
 H - a potion of berserk rage {unknown}
 M - a potion of heal wounds {unknown}
 R - 2 potions of flight


   Skills:
 - Level 3.0 Fighting
 + Level 3.3(3.9) Short Blades
 + Level 3.0(3.8) Long Blades
 - Level 0.6(3.5) Maces & Flails
 - Level 5.7 Staves
 - Level 1.1 Ranged Weapons
 - Level 0.1 Throwing
 + Level 3.7 Armour
 - Level 3.3 Dodging
 - Level 2.8 Stealth
 * Level 8.7 Spellcasting
 * Level 10.1 Necromancy
 - Level 3.0 Poison Magic
 - Level 2.0 Evocations


You had 10 spell levels left.
You knew the following spells:

 Your Spells              Type           Power      Damage    Failure   Level
a - Necrotise             Necr           100%       1d9       1%          1
b - Vampiric Draining     Necr           56%        2d10      1%          3
c - Animate Dead          Necr           56%        N/A       1%          4
d - Agony                 Necr           56%        N/A       1%          5
e - Ignite Poison         Fire/Tmut/Pois 15%        N/A       6%          3

Your spell library contained the following spells:

 Spells                   Type           Power      Damage    Failure   Level
 Apportation              Tloc           20%        N/A       3%          1
 Slow                     Hex            40%        N/A       3%          1
 Call Canine Familiar     Summ           10%        N/A       10%         3
 Confusing Touch          Hex            10%        N/A       10%         3
 Hailstorm                Conj/Ice       10%        3d5       10%         3
 Inner Flame              Hex/Fire       10%        N/A       10%         3
 Portal Projectile        Hex/Tloc       20%        N/A       10%         3
 Flame Wave               Conj/Fire      10%        2d6       30%         4
 Ice Form                 Ice/Tmut       10%        N/A       30%         4
 Leda's Liquefaction      Hex/Erth       5%         N/A       30%         4
 Sticky Flame             Conj/Fire      10%        2d3       30%         4
 Alistair's Intoxication  Tmut/Pois      11%        N/A       41%         5
 Simulacrum               Ice/Necr       17%        N/A       50%         6
 Ignition                 Fire           5%         3d4       100%        8


Dungeon Overview and Level Annotations

Branches:
Dungeon (10/15)            Temple (0/1) D:6            Lair (0/5) D:9
    Orc (0/2) D:9         Ossuary (visited)

Altars:
Cheibriados
Dithmenos
Hepliaklqana
Makhleb
Sif Muna
Uskayaw

Shops:
D:1 ?

Annotations:
D:10 gdog's ghost, journeyman GnDe


Innate Abilities, Weirdness & Mutations

You are completely covered in yellow scales. (AC +4, rCorr)
Your demonic aura sometimes causes spilled blood to erupt in flames.
You are partially covered in sharp spines.
Your touch may inflict irresistible damage on your foes.


Message History

You can't see any susceptible monsters within range! (Use Z to cast anyway.)
Okay, then.
Casting: Vampiric Draining (safe; 1% risk of failure)
Confirm with . or Enter, or press ? or * to list all spells.
You can't see any susceptible monsters within range! (Use Z to cast anyway.)
Casting: Vampiric Draining (safe; 1% risk of failure)
Confirm with . or Enter, or press ? or * to list all spells.
You can't see any susceptible monsters within range! (Use Z to cast anyway.)
You hit gdog's ghost but do no damage.
Gdog's ghost is lightly damaged.
The spriggan hits you from afar with a +0 spear.
Gdog's ghost hits you but does no damage.
You hit gdog's ghost but do no damage.
Gdog's ghost is lightly damaged.
The spriggan barely misses you. Gdog's ghost closely misses you.
The spriggan hits you from afar with a +0 spear.
* * * LOW HITPOINT WARNING * * *
Gdog's ghost hits you but does no damage.
The spriggan hits the fungus with a +0 spear!
The fungus begins to die.
You hit gdog's ghost but do no damage. Your touch misses gdog's ghost.
Gdog's ghost is lightly damaged.
Gdog's ghost is struck by your spines.
Gdog's ghost hits you but does no damage.
The spriggan hits you but does no damage.
You hit gdog's ghost. You freeze gdog's ghost.
Gdog's ghost is lightly damaged.
Gdog's ghost hits you but does no damage.
The spriggan hits you but does no damage.
Gdog's ghost hits you!
* * * LOW HITPOINT WARNING * * *
You start putting on your amulet.
You continue putting on your amulet of the acrobat.
A nearby fungus withers and dies.
The spriggan hits you from afar with a +0 spear!
Keep equipping yourself?
Uppercase [Y]es or [N]o only, please.
Keep equipping yourself?
You stop putting on your amulet.
You die...

*****,,,,,,,,,,***,,,,,,,*
########****,,,,,,,,,,,*
#......# ********,,,,*
###.†....# *♣♣♣****,*
..$......### ###..♣♣♣♣***
...###.....####.##♣...♣
..## #.....##...8#.P..♣*
..# #........#..#i.♣,,*
..##*#......#...@W♣*,*,*
...#.......####..#)..♣,*
##...#.....# #.8#...♣,*
#......#.###**#.##..♣.♣*
#.##...#..,,,,###..♣♣*♣
.......###.,,,* *♣♣♣
.......,**#,,,*
..#....,,**,,,*
*.#**,,,,,,,,,*


You could see a spriggan and gdog's ghost.

Vanquished Creatures
  A two-headed ogre (D:9)
  2 trolls
  A hornet (D:9)
  A spriggan (D:10)
  A wraith (Ossuary)
  8 yaks (D:9)
  3 wyverns
  2 water moccasins (D:9)
  7 orc warriors
  2 ogres
  2 centaurs
  A wolf (D:10)
  4 kobold brigands
  4 bullfrogs
  A scorpion (D:4)
  9 wights
  2 howler monkeys
  A centaur zombie (D:9)
  Crazy Yiuf (D:6)
  A human zombie (D:7)
  6 orc priests
  2 hounds (D:5)
  3 jellies
  A sleepcap (D:7)
  14 orc wizards
  5 iguanas
  4 mummies
  Robin (D:2)
  3 adders
  7 gnolls
  A shadow imp (D:6)
  3 white imps
  An ufetubus (D:6)
  2 worm zombies (D:7)
  A worm (D:2)
  A dart slug (D:4)
  40 orcs
  6 bats
  4 endoplasms
  2 giant cockroaches
  9 goblins
  14 hobgoblins
  6 jackals (D:4)
  24 kobolds
  6 quokkas
  6 ball pythons
  A frilled lizard (D:3)
  3 goblin zombies (Ossuary)
  3 hobgoblin zombies (Ossuary)
  6 kobold zombies
  7 rats
246 creatures vanquished.

Vanquished Creatures (collateral kills)
  3 yaks (D:9)
  A wyvern (D:9)
  A centaur (D:9)
  A bullfrog (D:9)
  A hound (D:7)
  A sleepcap (D:5)
  A gnoll (D:4)
  2 orcs
  A ball python (D:1)
  2 endoplasms
  A giant cockroach (D:3)
  2 goblins (D:2)
  A hobgoblin (D:2)
  2 frilled lizards
  3 kobolds
  2 rats
25 creatures vanquished.

Vanquished Creatures (others)
  A hornet zombie (D:9)
  A wyvern zombie (D:8)
  A yak zombie (D:9)
  An orc wizard (D:8)
  An iguana zombie (D:9)
  6 kobold zombies
  10 orc zombies
21 creatures vanquished.

Grand Total: 292 creatures vanquished

Notes
Turn   | Place    | Note
-------+----------+-------------------------------------------
     0 | D:1      | CastCrusader the Demonspawn Necromancer began the quest for
                  | the Orb.
     0 | D:1      | Reached XP level 1. HP: 13/13 MP: 3/3
    49 | D:1      | Found Guop Capp's Magic Scroll Shoppe.
   168 | D:1      | Gained mutation: Your demonic aura sometimes causes spilled
                  | blood to erupt in flames. [demonic ancestry]
   168 | D:1      | Reached XP level 2. HP: 18/19 MP: 1/5
   682 | D:1      | Bought a scroll of identify for 24 gold pieces
   874 | D:2      | Gained mutation: You are partially covered in yellow
                  | scales. (AC +2) [demonic ancestry]
   874 | D:2      | Reached XP level 3. HP: 7/25 MP: 0/7
   962 | D:2      | Learned a level 3 spell: Vampiric Draining
  1126 | D:2      | Reached skill level 5 in Necromancy
  1299 | D:2      | Noticed Robin
  1304 | D:2      | Reached XP level 4. HP: 31/31 MP: 5/8
  1336 | D:2      | Killed Robin
  1946 | D:3      | Found a faded altar of an unknown god.
  2188 | D:4      | Reached skill level 1 in Staves
  2197 | D:4      | Gained mutation: You are partially covered in sharp spines.
                  | [demonic ancestry]
  2197 | D:4      | Reached XP level 5. HP: 36/36 MP: 1/9
  2350 | D:4      | Found a hazy altar of Hepliaklqana.
  2443 | D:4      | Reached skill level 1 in Poison Magic
  2546 | D:4      | Gained mutation: You are mostly covered in yellow scales.
                  | (AC +3) [demonic ancestry]
  2546 | D:4      | Reached XP level 6. HP: 41/42 MP: 4/11
  2793 | D:4      | Found a hide-covered altar of Uskayaw.
  3034 | D:4      | Learned a level 4 spell: Animate Dead
  3079 | D:5      | Entered Level 5 of the Dungeon
  3491 | D:5      | Reached XP level 7. HP: 31/47 MP: 6/13
  3495 | D:5      | Reached skill level 6 in Necromancy
  4487 | D:6      | Reached skill level 1 in Armour
  4487 | D:6      | Reached skill level 5 in Spellcasting
  4557 | D:6      | Found a staircase to the Ecumenical Temple.
  4585 | D:6      | Gained mutation: Your touch may inflict minor irresistible
                  | damage on your foes. [demonic ancestry]
  4585 | D:6      | Reached XP level 8. HP: 49/53 MP: 10/15
  4634 | D:6      | Reached skill level 1 in Fighting
  5033 | D:6      | Found a runed translucent door.
  5034 | D:6      | Noticed Crazy Yiuf
  5120 | D:6      | Killed Crazy Yiuf
  5184 | D:7      | Reached skill level 7 in Necromancy
  5468 | D:7      | Noticed a troll
  5725 | D:7      | Found a sand-covered staircase.
  5734 | Ossuary  | Entered an ossuary
  5958 | Ossuary  | Reached skill level 1 in Evocations
  5958 | Ossuary  | Gained mutation: You are completely covered in yellow
                  | scales. (AC +4, rCorr) [demonic ancestry]
  5958 | Ossuary  | Reached XP level 9. HP: 46/59 MP: 18/18
  6172 | D:7      | Killed a troll
  6179 | D:7      | Learned a level 5 spell: Agony
  7079 | D:8      | Reached skill level 8 in Necromancy
  7100 | D:8      | Reached skill level 5 in Staves
  7126 | D:8      | Reached skill level 1 in Short Blades
  7609 | D:8      | Learned a level 3 spell: Ignite Poison
  7615 | D:8      | Found a shimmering blue altar of Sif Muna.
  7638 | D:8      | Became a worshipper of Sif Muna the Loreminder
  8144 | D:8      | Found a shadowy altar of Dithmenos.
  8265 | D:8      | Found a burning altar of Makhleb.
  8640 | D:9      | Reached skill level 1 in Ranged Weapons
  8745 | D:9      | Reached skill level 1 in Long Blades
  8748 | D:9      | Gained mutation: Your touch may inflict irresistible damage
                  | on your foes. [demonic ancestry]
  8748 | D:9      | Reached XP level 10. HP: 43/67 MP: 8/21
  8865 | D:9      | Reached skill level 9 in Necromancy
  8876 | D:9      | Reached * piety under Sif Muna
  8907 | D:9      | Found a staircase to the Orcish Mines.
  8978 | D:9      | Found a snail-covered altar of Cheibriados.
  9017 | D:9      | Noticed a two-headed ogre
  9032 | D:9      | Killed a two-headed ogre
  9082 | D:9      | Paralysed by a hornet for 2 turns
  9166 | D:9      | Found a staircase to the Lair.
  9319 | D:10     | Entered Level 10 of the Dungeon
  9484 | D:10     | Reached skill level 10 in Necromancy
  9577 | D:10     | Found a runed translucent door.
  9579 | D:10     | Noticed gdog's ghost (journeyman GnDe)
  9581 | D:10     | Identified the +5 trident of Immorality {protect, Int+2}
  9585 | D:10     | Reached ** piety under Sif Muna
  9595 | D:10     | Slain by a spriggan

Illustrated notes

Levels and vault maps discovered:
D:1:      lightli_arrival_statue_moat, layout_loops_ring, serial_shops, shop
D:2:      minmay_chambers_of_ones, layout_basic, kennysheep_generic_room_5,
          uniq_robin
D:3:      layout_basic, pf_just_have_faith, shapermc_ecumenical_altar_acropolis
D:4:      layout_basic, mainiacjoe_overflow_boulevard,
          mainiacjoe_overflow_big_doors
D:5:      layout_gridville, kennysheep_generic_room_3
D:6:      layout_basic, temple_pool_b, uniq_crazy_yiuf_cottage
D:7:      layout_cave_pods, lemuel_doored_altar, enter_ossuary_3
D:8:      layout_loops_ring, kennysheep_orc_sif_temple,
          nicolae_dithmenos_through_a_glass_darkly,
          mainiacjoe_overflow_tiny_flanked
D:9:      layout_rooms, chei_slow_surprise, minmay_lair_entry_grove, orc_0_dummy
D:10:     layout_rooms, serial_glass, glass_columns_a, glass_columns_b,
          glass_columns_c, minmay_strange_pillars, due_unseen_surprise,
          enter_bailey_8, ebering_ghost_funeral_grove,
          dreamdust_mushroom_princess

Skill      XL: |  1  2  3  4  5  6  7  8  9 10 |
---------------+-------------------------------+-----
Dodging        | 2 3 |  3.3
Necromancy     | 5 6 7 8 10 | 10.1
Stealth        | 2 |  2.8
Spellcasting   | 3 4 5 6 7 8 |  8.7
Staves         | 1 2 3 4 5 |  5.7
Poison Magic   | 1 2 3 |  3.0
Armour         | 1 2 3 |  3.7
Fighting       | 1 2 3 |  3.0
Evocations     | 1 2 |  2.0
Short Blades   | 1 3 |  3.3
Ranged Weapons | 1 |  1.1
Long Blades    | 1 3 |  3.0
Maces & Flails | |  0.6
Throwing       | |  0.1

Action                     |  1- 3 |  4- 6 |  7- 9 | 10-12 || total
---------------------------+-------+-------+-------+-------++-------
  Melee: Club              |    16 |       |       |       ||    16
         Unarmed           |     2 |       |       |       ||     2
         Rapier            |    25 |       |    40 |       ||    65
         Staff             |     6 |    62 |    11 |       ||    79
         Punch             |       |     1 |     1 |     1 ||     3
         Whip              |       |    23 |    54 |       ||    77
         Touch             |       |       |    13 |    22 ||    35
         Scimitar          |       |       |    19 |    69 ||    88
         War axe           |       |       |       |    14 ||    14
   Fire: Arbalest          |       |       |    14 |     5 ||    19
  Throw: Dart              |       |       |     8 |    17 ||    25
   Cast: Necrotise         |    41 |    93 |   142 |     8 ||   284
         Vampiric Draining |     1 |     1 |    20 |     6 ||    28
         Animate Dead      |       |       |     9 |     2 ||    11
         Ignite Poison     |       |       |     1 |     3 ||     4
         Agony             |       |       |       |     2 ||     2
  Evoke: Wand              |       |       |    44 |       ||    44
    Use: Scroll            |     2 |     5 |    14 |     1 ||    22
         Potion            |       |       |     4 |       ||     4
   Stab: Distracted        |       |     1 |       |       ||     1
         Sleeping          |       |       |     1 |       ||     1
 Armour: Robe              |    13 |    24 |       |       ||    37
         Leather armour    |       |    39 |    93 |    53 ||   185
         Skin              |       |       |     8 |       ||     8
         Plate armour      |       |       |     1 |       ||     1
  Dodge: Dodged            |    46 |    97 |   147 |    64 ||   354
